 Dungeon Crawl Stone Soup version 0.23-a0-275-g0cf4261 (webtiles) character file.

1031 Gildeon the Slasher (level 8, 0/61 HPs)
             Began as a Human Fighter on Oct 2, 2018.
             Was a Believer of Okawaru.
             Slain by an orc warrior
             ... wielding a +0 halberd
              (11 damage)
             ... on level 5 of the Dungeon.
             The game lasted 00:12:33 (4095 turns).

Gildeon the Slasher (Human Fighter)                 Turns: 4095, Time: 00:12:34

Health: 0/61       AC: 16    Str: 22    XL:     8   Next: 47%
Magic:  8/8        EV:  9    Int: 10    God:    Okawaru [**....]
Gold:   171        SH: 10    Dex: 13    Spells: 4/7 levels left

rFire    + + .     SeeInvis .   a - +0 long sword
rCold    x . .     Gourm    .   c - +0 shield
rNeg     . . .     Faith    .   j - +2 fire dragon scales
rPois    .         Spirit   .   (no helmet)
rElec    .         Reflect  .   (no cloak)
rCorr    .         Harm     .   o - +0 pair of gloves
MR       .....                  n - +2 pair of boots
Stlth    ..........             (no amulet)
HPRegen  0.20/turn              g - +5 ring of strength
MPRegen  0.11/turn              (no ring)

@: no status effects
A: no striking features
a: Heroism, Renounce Religion


You were on level 5 of the Dungeon.
You worshipped Okawaru.
Okawaru was pleased with you.
You were not hungry.

You visited 1 branch of the dungeon, and saw 5 of its levels.

You collected 171 gold pieces.

Inventory:

Hand Weapons
 a - a +0 long sword (weapon)
 q - the +2 rapier "Canoz" {freeze, rN+}
   (You found it on level 4 of the Dungeon)

   It has been specially enchanted to freeze those struck by it, causing extra
   injury to most foes and up to half again as much damage against particularly
   susceptible opponents.
   It can also slow down cold-blooded creatures.
   It protects you from negative energy.
Armour
 c - a +0 shield (worn)
 j - +2 fire dragon scales (worn)
 n - a +2 pair of boots (worn)
 o - a +0 pair of gloves (worn)
Jewellery
 g - a +5 ring of strength (left hand)
 s - an uncursed amulet of rage {unknown}
Scrolls
 b - 2 scrolls of remove curse
 e - 3 scrolls of teleportation
 r - a scroll of identify
Potions
 d - a potion of resistance
 h - a potion of lignification {unknown}
 i - 2 potions of curing
 l - 2 potions of brilliance {unknown}
 m - 2 potions of flight
Comestibles
 f - 7 rations
 p - 6 chunks of flesh


   Skills:
 + Level 4.7 Fighting
 * Level 5.7 Long Blades
 + Level 4.7 Armour
 + Level 3.5 Dodging
 + Level 4.8 Shields


You had 4 spell levels left.
You knew the following spells:

 Your Spells              Type           Power        Failure   Level  Hunger
a - Confuse               Hex            #.......     100%        3    ####...

Your spell library contained the following spells:

 Spells                   Type           Power        Failure   Level  Hunger
 Confusing Touch          Hex            #.....       99%         1    ##.....
 Gell's Gravitas          Tloc           #.........   100%        3    ####...
 Petrify                  Tmut/Erth      #.......     100%        4    #####..
 Metabolic Englaciation   Hex/Ice        #.........   100%        5    ######.
 Yara's Violent Unravell  Hex/Tmut       #.........   100%        5    ######.


Dungeon Overview and Level Annotations

Branches:
Dungeon (5/15)
 Temple: D:4-7

Altars:
Dithmenos
Nemelex Xobeh
Okawaru
Qazlal
Ru
Trog
Uskayaw
Wu Jian

Annotations:
D:4 3 runed doors, 2 transporters, Felix's ghost, amateur DrFE


Message History

The orc warrior hits you with a halberd!
You hit the orc warrior.
The orc warrior is moderately wounded.
The orc warrior hits you with a halberd!
* * * LOW HITPOINT WARNING * * *
You feel much better. The orc warrior misses you.
You slash the orc warrior!
The orc warrior is severely wounded.
The orc warrior hits you but does no damage.
You hit the orc warrior but do no damage.
The orc warrior is severely wounded.
The orc warrior hits you with a halberd!
* * * LOW HITPOINT WARNING * * *
You feel much better.
The orc warrior hits you with a halberd!!
* * * LOW HITPOINT WARNING * * *
You hit the orc warrior but do no damage.
The orc warrior is severely wounded.
The orc warrior hits you with a halberd!
You die...

#.......#
#.......#
#.......#
#.####### #.#
#.# #.#
#.#############*
#......@oo....<*
###############*


You could see an orc warrior and an orc.

Vanquished Creatures
  A phantom (D:4)
  A centaur (D:5)
  4 ogres
  Blork the orc (D:5)
  A crimson imp (D:5)
  2 hounds
  A bullfrog zombie (D:5)
  2 jellies
  An orc priest (D:5)
  3 worker ants
  An orc wizard (D:5)
  6 adders
  A shadow imp (D:5)
  2 oozes
  2 worms
  A dart slug (D:1)
  2 leopard geckos
  9 orcs
  2 ball pythons (D:3)
  2 giant cockroaches
  5 goblins
  6 hobgoblins
  2 quokkas
  6 bats
  4 frilled lizards
  7 kobolds
  A quokka zombie (D:5)
  11 rats
87 creatures vanquished.

Vanquished Creatures (others)
  3 fungi (D:4)
  A plant (D:4)
4 creatures vanquished.

Grand Total: 91 creatures vanquished

Notes
Turn   | Place    | Note
-------+----------+-------------------------------------------
     0 | D:1      | Gildeon the Human Fighter began the quest for the Orb.
     0 | D:1      | Reached XP level 1. HP: 18/18 MP: 1/1
    62 | D:1      | Reached XP level 2. HP: 22/24 MP: 2/2
   307 | D:1      | Reached XP level 3. HP: 27/29 MP: 3/3
   765 | D:2      | Reached skill level 1 in Dodging
   853 | D:2      | Found a bloodstained altar of Trog.
   853 | D:2      | Found an iron altar of Okawaru.
   888 | D:2      | Became a worshipper of Warmaster Okawaru
  1254 | D:2      | Reached XP level 4. HP: 34/35 MP: 4/4
  1267 | D:2      | Reached skill level 3 in Long Blades
  1482 | D:3      | Found a shadowy altar of Dithmenos.
  1512 | D:3      | Reached XP level 5. HP: 41/41 MP: 5/5
  1711 | D:3      | Found a sparkling altar of Nemelex Xobeh.
  2443 | D:4      | Found a runed gate.
  2446 | D:4      | Noticed Felix's ghost (amateur DrFE)
  2447 | D:4      | Found a runed gate.
  2447 | D:4      | Found a runed gate.
  2455 | D:4      | Noticed a big kobold
  2456 | D:4      | Got a dazzling rapier
  2460 | D:4      | Noticed a big kobold
  2469 | D:4      | Identified the +2 rapier "Canoz" {freeze, rN+} (You found
                  | it on level 4 of the Dungeon)
  2594 | D:4      | Found a transporter.
  2597 | D:4      | Noticed an ogre
  2597 | D:4      | Noticed a vampire mosquito
  2598 | D:4      | Found a hide-covered altar of Uskayaw.
  2614 | D:4      | Noticed an ogre
  2620 | D:4      | Killed an ogre
  2620 | D:4      | Reached XP level 6. HP: 44/48 MP: 6/6
  2625 | D:4      | Learned a level 3 spell: Confuse
  2693 | D:4      | Reached * piety under Okawaru
  2693 | D:4      | Reached skill level 4 in Long Blades
  2700 | D:4      | Found an ornate altar of the Wu Jian Council.
  2737 | D:4      | Noticed a phantom
  2783 | D:4      | Killed a phantom
  2783 | D:4      | Reached XP level 7. HP: 41/54 MP: 7/7
  2869 | D:4      | Found a transporter.
  2959 | D:5      | Entered Level 5 of the Dungeon
  3291 | D:5      | Noticed Blork the orc
  3297 | D:5      | Reached skill level 5 in Long Blades
  3310 | D:5      | Killed Blork the orc
  3310 | D:5      | Reached XP level 8. HP: 20/61 MP: 8/8
  3318 | D:5      | Found a stormy altar of Qazlal.
  3634 | D:5      | Found a sacrificial altar of Ru.
  3735 | D:5      | Reached ** piety under Okawaru
  4095 | D:5      | Slain by an orc warrior

Vault maps used:
D:1:      erik_arrival_triangle_small
D:2:      gammafunk_temple_overflow_elements, minmay_misc_feat_roman
D:3:      nicolae_overflow_hidden_temple, lemuel_doored_altar,
          nemelex_diamond_rough_becter
D:4:      gammafunk_temple_overflow_arena, marbit_many_paths, first_ration,
          gammafunk_ghost_nasty_kobolds
D:5:      overflow_temple_1_default, nicolae_ru_path_of_blood,
          uniq_blork_the_orc

Skill      XL: |  1  2  3  4  5  6  7 |
---------------+----------------------+-----
Dodging        | 1 2 3 |  3.5
Long Blades    | 3 4 5 |  5.7
Fighting       | 4 |  4.7
Shields        | 4 |  4.8
Armour         | 4 |  4.7

Action                   |  1- 3 |  4- 6 |  7- 9 || total
-------------------------+-------+-------+-------++-------
Melee: Long sword        |    92 |   119 |   155 ||   366
       Rapier            |       |     3 |       ||     3
  Use: Scroll            |     3 |     6 |     4 ||    13
       Potion            |       |     1 |     3 ||     4
  Eat: Chunk             |     1 |     5 |     5 ||    11
Armor: Scale mail        |    19 |       |       ||    19
       Fire dragon scale |    38 |    44 |    51 ||   133
Dodge: Dodged            |    23 |    34 |    53 ||   110
Block: Shield            |    39 |    59 |    74 ||   172
       Rpst.: Long sword |     7 |    11 |    17 ||    35

Table legend:
 A = Non-vault XP
 B = Vault XP
 C = Vault XP percentage of total XP
 D = Non-vault monster count
 E = Vault monster count
 F = Vault count percentage of total count
                 A         B        C        D         E       F
            +---------+---------+-------+---------+---------+-------
      Total |    1377 |      97 |   6.6 |      85 |       2 |   2.3
            +---------+---------+-------+---------+---------+-------
        D:1 |      37 |       0 |   0.0 |      17 |       0 |   0.0
        D:2 |      77 |       0 |   0.0 |      13 |       0 |   0.0
        D:3 |      60 |       0 |   0.0 |      24 |       0 |   0.0
        D:4 |     372 |       1 |   0.3 |       8 |       1 |  11.1
        D:5 |     831 |      96 |  10.4 |      23 |       1 |   4.2
            +---------+---------+-------+---------+---------+-------
